 Dungeon Crawl Stone Soup version 0.17-a0-1176-g3d5a0d0 (webtiles) character file.

4032 Hanyuu the Martial Artist (level 10, -7/64 HPs)
             Began as an Octopode Transmuter on May 30, 2015.
             Was a Priest of Makhleb.
             Killed from afar by an electric eel (11 damage)
             ... with a bolt of electricity
             ... on level 10 of the Dungeon.
             The game lasted 00:36:01 (7778 turns).

Hanyuu the Martial Artist (Octopode Transmuter)     Turns: 7778, Time: 00:36:01

Health: -7/64      AC:  2    Str: 10    XL:     10   Next: 24%
Magic:  10/13      EV: 23    Int: 17    God:    Makhleb [***...]
Gold:   389        SH:  0    Dex: 25    Spells: 5 memorised, 1 level left

rFire  . . .     SeeInvis .       - Unarmed
rCold  . . .     Clarity  +     (shield currently unavailable)
rNeg   . . .     SustAt   .     (helmet currently unavailable)
rPois  x         Gourm    .     i - amulet of clarity
rElec  .         Spirit   .     B - ring of wizardry
rCorr  .         Warding  .     E - +6 ring of dexterity
rMut   .         Stasis   .     (no ring)
MR     .....                    (no ring)
Stlth  ++........               (no ring)
                                (no ring)
                                (no ring)
                                (no ring)

@: spider-form, not resistant to hostile enchantments, unstealthy
A: almost no armour, amphibious, 8 rings, (constrict 8), (camouflage 0),
(gelatinous body 0)
a: End Transformation, Minor Destruction, Lesser Servant of Makhleb, Renounce
Religion


You were on level 10 of the Dungeon.
You worshipped Makhleb.
Makhleb was most pleased with you.
You were hungry.
You were a venomous arachnid creature.
You visited 2 branches of the dungeon, and saw 11 of its levels.

You collected 389 gold pieces.

Inventory:

Hand weapons
 b - a +0 blowgun (melded)
Missiles
 c - 122 arrows
 j - 10 tomahawks (quivered)
 K - 47 poisoned needles
 O - a throwing net
Armour
 G - a +2 hat (melded)
Jewellery
 i - an amulet of clarity (around neck)
 n - an uncursed amulet of regeneration
 B - a ring of wizardry (left front leg)
 E - a +6 ring of dexterity (right front leg)
Magical devices
 u - a wand of invisibility (2)
 H - a wand of digging (5)
Scrolls
 e - 2 scrolls of remove curse
 y - 2 scrolls of enchant armour
 I - a scroll of enchant weapon
Potions
 g - 3 potions of lignification
 l - a potion of invisibility {unknown}
 o - a potion of resistance {unknown}
 p - a potion of agility {unknown}
 q - 3 potions of brilliance
 v - a potion of degeneration {unknown}
 w - a potion of cancellation {unknown}
 z - 3 potions of curing
 A - a potion of poison {unknown}
 C - a potion of ambrosia {unknown}
 D - 3 potions of magic
 L - 2 potions of cure mutation {unknown}
 M - a potion of flight {unknown}
Books
 k - a book of Transfigurations

   Spells                             Type                      Level
   a - Stoneskin                      Transmutation/Earth          2
   b - Irradiate                      Conjuration/Transmutation    5
   c - Statue Form                    Transmutation/Earth          6
   d - Hydra Form                     Transmutation                6
   e - Dragon Form                    Transmutation                7
 r - a book of Unlife

   Spells                             Type                      Level
   a - Recall                         Summoning/Translocation      3
   b - Animate Dead                   Necromancy                   4
   c - Control Undead                 Necromancy                   4
   d - Cigotuvi's Embrace             Necromancy                   5
   e - Death Channel                  Necromancy                   6
   f - Simulacrum                     Ice/Necromancy               6
 F - a book of Ice

   Spells                             Type                      Level
   a - Ice Form                       Ice/Transmutation            4
   b - Metabolic Englaciation         Hexes/Ice                    5
   c - Ozocubu's Refrigeration        Ice                          6
   d - Bolt of Cold                   Conjuration/Ice              6
   e - Freezing Cloud                 Conjuration/Ice/Air          6
   f - Simulacrum                     Ice/Necromancy               6
 N - a book of Changes

   Spells                             Type                      Level
   a - Beastly Appendage              Transmutation                1
   b - Sticks to Snakes               Transmutation                2
   c - Spider Form                    Transmutation/Poison         3
   d - Ice Form                       Ice/Transmutation            4
   e - Blade Hands                    Transmutation                5
Comestibles
 a - 5 bread rations
 f - 3 slices of pizza
 h - a royal jelly
 m - 6 fruits
 t - 2 meat rations
 x - 3 beef jerkies


   Skills:
 - Level 4.2 Fighting
 - Level 4.0 Throwing
 + Level 3.7 Dodging
 * Level 11.0 Unarmed Combat
 - Level 2.0 Spellcasting
 + Level 7.1 Transmutations
 - Level 2.0 Poison Magic


You had one spell level left.
You knew the following spells:

 Your Spells              Type           Power        Failure   Level  Hunger
a - Beastly Appendage     Trmt           ####..       1%          1    #......
b - Sticks to Snakes      Trmt           ####......   2%          2    ###....
c - Spider Form           Trmt/Pois      ###.......   10%         3    ###....
d - Stoneskin             Trmt/Erth      ##......     10%         2    ###....
e - Ice Form              Ice/Trmt       ##......     34%         4    #####..


Dungeon Overview and Level Annotations

Branches:
Dungeon (10/15)            Temple (1/1) D:6
   Lair: D:8-11         Orc: D:9-12

Altars:
Ashenzari
Cheibriados
Dithmenos
Elyvilon
Fedhas
Gozag
Kikubaaqudgha
Makhleb
Nemelex Xobeh
Okawaru
Qazlal
Ru
Sif Muna
Trog
Vehumet
Xom
Yredelemnul
Zin
The Shining One

Shops:
D:8 :

Annotations:
D:9 Gastronok, Pikel


Innate Abilities, Weirdness & Mutations

You cannot wear most types of armour.
You are amphibious.
You can wear up to eight rings at the same time.
((You can use your tentacles to constrict eight enemies at once.))
((Your skin changes colour to match your surroundings (Stealth).))
((Your rubbery body absorbs attacks (AC +1).))


Message History

Casting: Spider Form
Confirm with . or Enter, or press ? or * to list all spells.
You turn into a venomous arachnid creature.
Your +0 blowgun melds into your body.
Your +2 hat melds into your body.
You are feeling hungry.
The electric eel shoots out a bolt of lightning at you!
The bolt of electricity hits you!
* * * LOW HITPOINT WARNING * * *
Unknown command.
Drink which item? (? for menu, Esc to quit)
Okay, then. 2 jackals come into view.
The jackal barks!
You kill the electric eel!
Makhleb accepts your kill.
You feel a little better.
A jackal comes into view.
The electric eel shoots out a bolt of lightning at you!
The bolt of electricity hits you!
You die...

#. #h.# #.#####hh#
..#
#........##..###.
#......h.##..$...
#........##.....
#........##..#
#............#
#......s.Y...#
.............#
.............#
.............#
.............#
.............#
.............####.
#####≈≈≈≈≈..≈;≈≈..≈≈
≈≈≈≈≈..≈≈≈≈≈.≈≈≈≈≈≈


You could see an ice beast, an electric eel and 4 jackals.

Vanquished Creatures
  The ghost of HEYYEYAAE the Geomancer, an experienced HuEE of Vehumet (D:8)
  Sigmund (D:4)
  A hippogriff (D:6)
  A centaur (D:6)
  5 ogres
  2 sky beasts
  A crocodile (D:8)
  8 big kobolds (D:8)
  3 giant frogs
  5 scorpions
  4 killer bees (D:8)
  An electric eel (D:10)
  3 wights (D:8)
  4 crimson imps
  2 jellies (D:8)
  5 orc priests
  2 hounds (D:5)
  A quasit (D:8)
  2 orc wizards
  Natasha (thrice) (D:2)
  4 iguanas
  3 worker ants
  A killer bee zombie (D:8)
  4 gnolls (D:8)
  7 adders
  A white imp (D:4)
  4 worms (D:2)
  2 adder skeletons
  20 orcs
  A bat zombie (D:6)
  21 hobgoblins
  19 jackals
  2 ball pythons
  16 bats
  6 giant cockroaches
  A giant gecko (D:5)
  5 giant newts
  12 goblins
  A jackal skeleton (D:6)
  32 kobolds
  5 quokkas
  11 rats
233 creatures vanquished.

Notes
Turn   | Place    | Note
--------------------------------------------------------------
     0 | D:1      | Hanyuu the Octopode Transmuter began the quest for the Orb.
     0 | D:1      | Reached XP level 1. HP: 13/13 MP: 3/3
   183 | D:1      | Reached XP level 2. HP: 16/18 MP: 5/5
   607 | D:1      | Reached skill level 4 in Unarmed Combat
   996 | D:2      | Reached XP level 3. HP: 2/23 MP: 6/6
  1008 | D:2      | Learned a level 2 spell: Sticks to Snakes
  1012 | D:2      | Learned a level 3 spell: Spider Form
  1129 | D:2      | Reached skill level 1 in Poison Magic
  1158 | D:2      | Noticed Natasha
  1164 | D:2      | Killed Natasha
  1164 | D:2      | Reached XP level 4. HP: 18/28 MP: 3/7
  1284 | D:2      | Noticed Natasha
  1293 | D:2      | Killed Natasha
  1318 | D:2      | Noticed Natasha
  1325 | D:2      | Killed Natasha
  1524 | D:2      | Found a glowing golden altar of the Shining One.
  1938 | D:3      | Reached XP level 5. HP: 25/34 MP: 4/8
  1969 | D:3      | Reached skill level 5 in Unarmed Combat
  2595 | D:4      | Reached XP level 6. HP: 28/39 MP: 9/9
  2717 | D:4      | Noticed Sigmund
  2791 | D:4      | Noticed an ogre
  2802 | D:4      | Killed an ogre
  2802 | D:4      | Reached skill level 6 in Unarmed Combat
  3046 | D:4      | Reached XP level 7. HP: 11/45 MP: 10/10
  3224 | D:4      | Killed Sigmund
  3308 | D:5      | Entered Level 5 of the Dungeon
  3664 | D:5      | Learned a level 2 spell: Stoneskin
  3755 | D:5      | Reached skill level 7 in Unarmed Combat
  4656 | D:6      | Reached XP level 8. HP: 50/52 MP: 7/11
  4832 | D:6      | Noticed a hippogriff
  4850 | D:6      | Killed a hippogriff
  4850 | D:6      | Reached skill level 8 in Unarmed Combat
  5181 | D:6      | Found a staircase to the Ecumenical Temple.
  5188 | Temple   | Entered the Ecumenical Temple
  5198 | Temple   | Became a worshipper of Makhleb the Destroyer
  5803 | D:7      | Reached skill level 5 in Transmutations
  5944 | D:7      | Reached skill level 9 in Unarmed Combat
  6138 | D:8      | Reached XP level 9. HP: 58/58 MP: 8/12
  6253 | D:8      | Learned a level 4 spell: Ice Form
  6295 | D:8      | Acquired Makhleb's first power
  6601 | D:8      | Found Pimod's Book Shoppe.
  6626 | D:8      | Reached skill level 1 in Throwing
  6675 | D:8      | Reached skill level 10 in Unarmed Combat
  6696 | D:8      | Noticed HEYYEYAAE's ghost (experienced HuEE)
  6707 | D:8      | Killed HEYYEYAAE's ghost
  6711 | D:8      | Acquired Makhleb's second power
  6715 | D:8      | Reached XP level 10. HP: 46/64 MP: 10/13
  7224 | D:9      | Noticed Gastronok
  7235 | D:9      | Acquired Makhleb's third power
  7242 | D:9      | Reached skill level 11 in Unarmed Combat
  7452 | D:9      | HP: 2/64 [Gastronok (17)]
  7454 | D:9      | Noticed Pikel
  7470 | D:10     | Entered Level 10 of the Dungeon
  7775 | D:10     | HP: 1/64 [electric eel/bolt of electricity (11)]
  7778 | D:10     | Killed from afar by an electric eel

Vault maps used:
D:1:      dpeg_arrival_radiant, grunt_decor_mini_mirrors
D:2:      nicolae_overflow_hidden_temple, first_bread, minmay_misc_feat_cross,
          uniq_natasha
D:3:      minmay_goblin_kobold_house
D:4:      st_stairs_11, minmay_fire_ice_demons, uniq_sigmund
D:6:      minmay_temple_entry_overgrown
D:8:      serial_shops, kennysheep_mini, special_room
D:9:      erik_lair_orcish_takeover, minmay_librarian, uniq_pikel,
          uniq_gastronok, uniq_erica
D:10:     erik_rubicon_a
Temple:   nicolae_temple_no_exploring_needed

Action                   |  1- 3 |  4- 6 |  7- 9 | 10-12 || total
-------------------------+-------+-------+-------+-------++-------
Melee: Unarmed           |    55 |   213 |   224 |    87 ||   579
 Fire: Blowgun           |       |       |    11 |    13 ||    24
Throw: Tomahawk          |       |       |     5 |       ||     5
 Cast: Beastly Appendage |     4 |    10 |     8 |       ||    22
       Spider Form       |     1 |    10 |    17 |     5 ||    33
  Use: Scroll            |       |     9 |     6 |     3 ||    18
       Potion            |       |       |     1 |     1 ||     2
 Stab: Sleeping          |    10 |     4 |    12 |     2 ||    28
       Distracted        |       |       |     2 |       ||     2
  Eat: Chunk             |     1 |    10 |    13 |     1 ||    25
       Fruit             |       |       |     2 |     4 ||     6
